 Dungeon Crawl Stone Soup version 0.24-a0-275-g6f7e2cb (webtiles) character file.

Game seed: 3963549613820313399

8284 Gorice the Thaumaturge (level 11, -5/81 HPs)
             Began as a Gnoll Wizard on Apr 27, 2019.
             Was a High Priest of Kikubaaqudgha.
             Hit by a javelin thrown by Urug (31 damage)
             ... on level 10 of the Dungeon.
             The game lasted 00:59:50 (10021 turns).

Gorice the Thaumaturge (Gnoll Wizard)              Turns: 10021, Time: 00:59:52

Health: -5/81      AC: 10    Str: 11    XL:     11   Next: 28%
Magic:  19/24      EV: 17    Int: 23    God:    Kikubaaqudgha [*****.]
Gold:   485        SH:  6    Dex: 17    Spells: 13/28 levels left

rFire    + + .     SeeInvis .   a - +1 short sword (venom)
rCold    + . .     Gourm    .   g - +0 buckler
rNeg     . . .     Faith    .   T - +1 robe {rF+}
rPois    .         Spirit   .   A - +1 helmet
rElec    .         Reflect  .   q - +2 cloak {+Inv}
rCorr    .         Harm     .   j - +0 pair of gloves
MR       .....                  (no boots)
Stlth    ++++......             (no amulet)
HPRegen  0.23/turn              G - ring of protection from cold
MPRegen  0.19/turn              S - ring of Waef {rF+ Dex+4}

@: lethally poisoned (-5 -> -13)
A: distributed training, fangs 1, strong nose
a: Receive Corpses, Torment, Renounce Religion, Evoke Invisibility


You were on level 10 of the Dungeon.
You worshipped Kikubaaqudgha.
Kikubaaqudgha was extremely pleased with you.
You were hungry.

You visited 2 branches of the dungeon, and saw 11 of its levels.
You also visited: Sewer.

You collected 485 gold pieces.

Inventory:

Hand Weapons
 a - a +1 short sword of venom (weapon)
   (You took it off a kobold on level 2 of the Dungeon)
 f - a +3 scimitar of flaming
   (You took it off Erica on level 8 of the Dungeon)
 w - a +2 flail of holy wrath
   (You took it off an orc on level 6 of the Dungeon)
 E - a +0 blowgun
 P - a +3 battleaxe
 R - a +1 vampiric trident
   (You took it off a gnoll sergeant on level 8 of the Dungeon)
Missiles
 s - 10 javelins
 H - 2 tomahawks of returning (quivered)
 J - 5 tomahawks
 Y - 333 stones
 Z - 2 throwing nets {!f}
Armour
 g - a +0 buckler (worn)
 j - a +0 pair of gloves (worn)
 q - a +2 cloak of invisibility (worn)
   (You took it off Crazy Yiuf on level 2 of the Dungeon)
 A - a +1 helmet (worn)
 I - a +0 ring mail of cold resistance
   (You took it off an orc on level 3 of the Dungeon)
 T - a +1 robe of fire resistance (worn)
   (You took it off Erica on level 8 of the Dungeon)
Jewellery
 G - a ring of protection from cold (left hand)
 S - the ring of Waef (right hand) {rF+ Dex+4}
   (You found it on level 7 of the Dungeon)

   [ring of protection from fire]

   It affects your dexterity (+4).
   It protects you from fire.
Wands
 n - a wand of clouds (7)
 o - a wand of polymorph (11)
 M - a wand of paralysis (9)
 O - a wand of iceblast (10)
Scrolls
 c - a scroll of noise {unknown}
 i - 4 scrolls of remove curse
 k - 3 scrolls of magic mapping {!r}
 m - 6 scrolls of teleportation {!r}
 B - a scroll of fear {!r}
 D - a scroll of torment {!r!r}
 K - 2 scrolls of amnesia
Potions
 h - 2 potions of heal wounds {!q}
 l - 5 potions of curing
 p - a potion of berserk rage
 r - a potion of cancellation {!q}
 t - a potion of mutation {!q}
 u - 2 potions of flight
 x - a potion of lignification {unknown}
 Q - a potion of brilliance {unknown}
Comestibles
 b - 7 chunks of flesh
 d - 18 rations


   Skills:
 + Level 6.0 Fighting
 + Level 6.0 Short Blades
 + Level 6.0 Long Blades
 + Level 6.0 Axes
 + Level 6.0 Maces & Flails
 + Level 6.0 Polearms
 + Level 6.0 Staves
 + Level 6.0 Slings
 + Level 6.0 Bows
 + Level 6.0 Crossbows
 + Level 6.0 Throwing
 + Level 6.0 Armour
 + Level 7.6 Dodging
 + Level 7.4 Stealth
 + Level 6.0 Shields
 + Level 6.0 Unarmed Combat
 + Level 9.4 Spellcasting
 + Level 5.5 Conjurations
 + Level 5.0 Hexes
 + Level 5.0 Charms
 + Level 5.5 Summonings
 + Level 5.0 Necromancy
 + Level 5.5 Translocations
 + Level 5.0 Transmutations
 + Level 5.0 Fire Magic
 + Level 5.0 Ice Magic
 + Level 5.0 Air Magic
 + Level 5.0 Earth Magic
 + Level 5.0 Poison Magic
 + Level 6.6 Invocations
 + Level 6.0 Evocations


You had 13 spell levels left.
You knew the following spells:

 Your Spells              Type           Power        Failure   Level  Hunger
a - Magic Dart            Conj           ####         1%          1    None
c - Conjure Flame         Conj/Fire      #####...     1%          3    None
e - Mephitic Cloud        Conj/Pois/Air  ####....     2%          3    None
i - Call Imp              Summ           #####...     1%          2    None
D - Animate Dead          Necr           N/A          8%          4    ##.....
J - Blink                 Tloc           N/A          1%          2    None

Your spell library contained the following spells:

 Spells                   Type           Power        Failure   Level  Hunger
 Animate Skeleton         Necr           N/A          1%          1    None
 Pain                     Necr           ####         1%          1    None
 Corpse Rot               Necr           N/A          1%          2    None
 Slow                     Hex            ####....     1%          2    None
 Sublimation of Blood     Necr           ####......   1%          2    None
 Regeneration             Chrm/Necr      ####......   2%          3    None
 Vampiric Draining        Necr           ####......   2%          3    None
 Agony                    Necr           ####....     22%         5    ####...
 Dispel Undead            Necr           ####....     22%         5    ####...
 Excruciating Wounds      Chrm/Necr      ####......   22%         5    ####...
 Death Channel            Necr           ####......   75%         6    ######.


Dungeon Overview and Level Annotations

Branches:
Dungeon (10/15)            Temple (1/1) D:6
   Lair: D:8-11         Orc: D:9-12

Altars:
Ashenzari
Cheibriados
Dithmenos
Elyvilon
Fedhas
Gozag
Hepliaklqana
Kikubaaqudgha
Makhleb
Nemelex Xobeh
Okawaru
Qazlal
Ru
Sif Muna
Trog
Uskayaw
Vehumet
Wu Jian
Xom
Yredelemnul
Zin
The Shining One
Lugonu

Annotations:
D:10 Urug


Innate Abilities, Weirdness & Mutations

Your experience applies equally to all skills.
You have very sharp teeth.
Your uncanny sense of smell can sniff out nearby items.


Message History

Kikubaaqudgha accepts your kill.
You sock Urug!
Urug is lightly wounded.
Urug misses you.
Wield which item (- for none, * to show all)? (? for menu, Esc to quit)
Your +2 flail of holy wrath stops glowing.
Your +1 short sword of venom begins to drip with poison!
a - a +1 short sword of venom (weapon)
You completely miss Urug.
Urug is lightly wounded.
You block Urug's attack.
You barely miss Urug.
Urug is lightly wounded.
You hit Urug but do no damage.
Urug is poisoned.
You bite Urug, but do no damage.
Urug is lightly wounded.
Urug hits you with a +2 battleaxe of venom!!
You are poisoned.
Damage: 23 (max 23)
You hit Urug but do no damage. Your bite misses Urug.
Urug is lightly wounded.
You feel sick. Urug closely misses you.
Damage: 1 (max 23)
You hit Urug but do no damage.
Urug looks even sicker.
Urug is lightly wounded.
You are feeling hungry.
You feel sick.
Damage: 1 (max 23) Unknown command.
You feel sick.
Damage: 1 (max 23)
You feel sick.
Urug throws a javelin.
The javelin hits you!
You see here a javelin.
Damage: 16 (max 23)
You feel sick.
Urug throws a javelin.
The javelin hits you!
You see here a javelin.
Damage: 8 (max 23) Unknown command.
Casting: Mephitic Cloud (safe; 2% risk of failure)
Confirm with . or Enter, or press ? or * to list all spells.
Aiming: Mephitic Cloud (safe; 2% risk of failure)
Press: ? - help, Shift-Dir - straight line, f - Urug
Aim: Urug, wielding a +2 battleaxe of venom and wearing a +1 chain mail of fire resistance (moderately wounded, poisoned)
The ball explodes into a vile cloud!
The stinking cloud engulfs Urug but does no damage.
Urug is moderately wounded.
You feel sick.
Urug is engulfed in noxious fumes.
Urug throws a javelin.
The javelin hits you!!
You die...
Kikubaaqudgha rasps: "You have failed me!
Welcome... death!"

###### #.... #... #.?# #..#
# #.○###..###
#################(§o§......
........#.......@..###..###
........#............# #
........#.........)###..#
........#...≈.............
........'.≈≈≈≈.....###..##
.......##..≈≈..).....# #
.......##..........###
.......##.............
###....######+###.....


You could see Urug.

Vanquished Creatures
  Erica (D:8)
  An ugly thing (D:7)
  The ghost of Borgoz the Slicer, a novice KoGl of Ashenzari (D:5)
  4 hippogriffs
  Prince Ribbit (D:7)
  A wraith (D:9)
  A vampire (D:9)
  Grum (D:9)
  2 hungry ghosts
  Menkaure (D:5)
  Edmund (D:6)
  Duvessa (D:5)
  3 sky beasts
  3 orc warriors
  6 ice beasts
  Purgy (Sewer)
  An eye of draining (D:9)
  4 wolves (D:9)
  A necrophage (D:10)
  4 ogres
  3 centaurs
  A crocodile (D:7)
  A big kobold (D:7)
  The ghost of Ratty the Magician, an amateur DENe (D:3)
  Blork the orc (D:4)
  A gnoll sergeant (D:8)
  4 bullfrogs
  A wyvern zombie (D:8)
  2 water moccasin skeletons
  Dowan (D:5)
  3 scorpions
  8 killer bees
  3 wights (D:7)
  A howler monkey (D:6)
  3 crimson imps
  A bullfrog zombie (D:5)
  9 hounds
  3 orc priests
  5 orc wizards
  A centaur skeleton (D:5)
  Crazy Yiuf (D:2)
  3 bullfrog skeletons
  2 jellies (D:5)
  Jessica (D:2)
  5 worker ants
  3 iguanas
  A hound skeleton (D:7)
  14 gnolls
  9 adders
  2 river rats (D:3)
  3 shadow imps
  4 oozes
  An adder skeleton (D:4)
  3 worms
  A dart slug (D:4)
  8 leopard geckos
  50 orcs
  2 ball pythons (D:3)
  6 giant cockroaches
  14 goblins
  15 hobgoblins
  13 jackals
  6 quokkas
  14 bats
  3 frilled lizards (D:3)
  15 kobolds
  A quokka zombie (D:6)
  12 rats
  A fungus (D:2)
305 creatures vanquished.

Vanquished Creatures (collateral kills)
  A worker ant (D:8)
  A bat (D:3)
2 creatures vanquished.

Grand Total: 307 creatures vanquished

Notes
Turn   | Place    | Note
-------+----------+-------------------------------------------
     0 | D:1      | Gorice the Gnoll Wizard began the quest for the Orb.
     0 | D:1      | Reached XP level 1. HP: 13/13 MP: 8/8
    90 | D:1      | Reached skill level 2 in Conjurations
    90 | D:1      | Reached skill level 2 in Summonings
    90 | D:1      | Reached skill level 2 in Translocations
   219 | D:1      | Reached XP level 2. HP: 19/19 MP: 8/10
   539 | D:1      | Reached XP level 3. HP: 25/25 MP: 8/11
   863 | D:1      | Learned a level 2 spell: Blink
   866 | D:1      | Learned a level 2 spell: Call Imp
   870 | D:1      | Learned a level 3 spell: Conjure Flame
   874 | D:1      | Learned a level 3 spell: Mephitic Cloud
   912 | D:1      | Reached skill level 1 in Invocations
  1046 | D:2      | Found an ancient bone altar of Kikubaaqudgha.
  1063 | D:2      | Became a worshipper of Kikubaaqudgha
  1208 | D:2      | Reached skill level 1 in Fighting
  1208 | D:2      | Reached skill level 1 in Short Blades
  1208 | D:2      | Reached skill level 1 in Long Blades
  1208 | D:2      | Reached skill level 1 in Axes
  1208 | D:2      | Reached skill level 1 in Maces & Flails
  1208 | D:2      | Reached skill level 1 in Polearms
  1208 | D:2      | Reached skill level 1 in Staves
  1208 | D:2      | Reached skill level 1 in Slings
  1208 | D:2      | Reached skill level 1 in Bows
  1208 | D:2      | Reached skill level 1 in Crossbows
  1208 | D:2      | Reached skill level 1 in Throwing
  1208 | D:2      | Reached skill level 1 in Armour
  1208 | D:2      | Reached skill level 1 in Shields
  1208 | D:2      | Reached skill level 1 in Unarmed Combat
  1208 | D:2      | Reached skill level 1 in Evocations
  1221 | D:2      | Found a shattered altar of Ashenzari.
  1234 | D:2      | Reached XP level 4. HP: 27/32 MP: 13/13
  1330 | D:2      | Found a runed translucent door.
  1331 | D:2      | Noticed Crazy Yiuf
  1355 | D:2      | Killed Crazy Yiuf
  1355 | D:2      | Reached skill level 1 in Hexes
  1355 | D:2      | Reached skill level 1 in Charms
  1355 | D:2      | Reached skill level 1 in Necromancy
  1355 | D:2      | Reached skill level 1 in Transmutations
  1355 | D:2      | Reached skill level 1 in Fire Magic
  1355 | D:2      | Reached skill level 1 in Ice Magic
  1355 | D:2      | Reached skill level 1 in Air Magic
  1355 | D:2      | Reached skill level 1 in Earth Magic
  1355 | D:2      | Reached skill level 1 in Poison Magic
  1596 | D:2      | Noticed Jessica
  1600 | D:2      | Killed Jessica
  1600 | D:2      | Reached XP level 5. HP: 37/37 MP: 7/14
  1671 | D:2      | Reached * piety under Kikubaaqudgha
  1671 | D:2      | Identified Kikubaaqudgha's Almanac of Black Rituals
                  | (Kikubaaqudgha gifted it to you on level 2 of the Dungeon)
  1671 | D:2      | Received a gift from Kikubaaqudgha
  1752 | D:3      | Found a runed translucent gate.
  1752 | D:3      | Found a runed translucent gate.
  1752 | D:3      | Noticed Ratty's ghost (amateur DENe)
  1758 | D:3      | Found a runed translucent gate.
  1791 | D:3      | Found a shadowy altar of Dithmenos.
  2066 | D:3      | Found a glowing drain.
  2132 | Sewer    | Entered a sewer
  2266 | Sewer    | Noticed Purgy
  2282 | Sewer    | Killed Purgy
  2282 | Sewer    | Reached skill level 5 in Dodging
  2282 | Sewer    | Reached skill level 2 in Invocations
  2282 | Sewer    | Reached XP level 6. HP: 33/44 MP: 16/16
  2425 | D:3      | Reached skill level 2 in Fighting
  2425 | D:3      | Reached skill level 2 in Short Blades
  2425 | D:3      | Reached skill level 2 in Long Blades
  2425 | D:3      | Reached skill level 2 in Axes
  2425 | D:3      | Reached skill level 2 in Maces & Flails
  2425 | D:3      | Reached skill level 2 in Polearms
  2425 | D:3      | Reached skill level 2 in Staves
  2425 | D:3      | Reached skill level 2 in Slings
  2425 | D:3      | Reached skill level 2 in Bows
  2425 | D:3      | Reached skill level 2 in Crossbows
  2425 | D:3      | Reached skill level 2 in Throwing
  2425 | D:3      | Reached skill level 2 in Armour
  2425 | D:3      | Reached skill level 2 in Shields
  2425 | D:3      | Reached skill level 2 in Unarmed Combat
  2425 | D:3      | Reached skill level 2 in Evocations
  2434 | D:3      | Reached ** piety under Kikubaaqudgha
  2439 | D:3      | HP: 13/44 [gnoll/+0 spear (7)]
  2932 | D:3      | Found a snail-covered altar of Cheibriados.
  3144 | D:4      | Reached XP level 7. HP: 21/50 MP: 9/18
  3773 | D:4      | Reached skill level 2 in Hexes
  3773 | D:4      | Reached skill level 2 in Charms
  3773 | D:4      | Reached skill level 2 in Necromancy
  3773 | D:4      | Reached skill level 2 in Transmutations
  3773 | D:4      | Reached skill level 2 in Fire Magic
  3773 | D:4      | Reached skill level 2 in Ice Magic
  3773 | D:4      | Reached skill level 2 in Air Magic
  3773 | D:4      | Reached skill level 2 in Earth Magic
  3773 | D:4      | Reached skill level 2 in Poison Magic
  3789 | D:4      | Reached skill level 3 in Conjurations
  3789 | D:4      | Reached skill level 3 in Summonings
  3789 | D:4      | Reached skill level 3 in Translocations
  3828 | D:4      | Found an opulent altar of Gozag.
  3877 | D:4      | Found an ornate altar of the Wu Jian Council.
  3968 | D:4      | Noticed a +0 dagger
  3969 | D:4      | Found a hide-covered altar of Uskayaw.
  3969 | D:4      | Noticed a +0 hand axe
  3993 | D:4      | Noticed Blork the orc
  4018 | D:4      | Killed Blork the orc
  4018 | D:4      | Reached skill level 5 in Stealth
  4130 | D:4      | Found a shattered altar of Ashenzari.
  4130 | D:4      | Found a stormy altar of Qazlal.
  4364 | D:5      | Entered Level 5 of the Dungeon
  4365 | D:5      | Reached skill level 3 in Invocations
  4394 | D:5      | Reached XP level 8. HP: 57/57 MP: 19/19
  4421 | D:5      | Noticed Dowan
  4423 | D:5      | Noticed Duvessa
  4431 | D:5      | Killed Dowan
  4433 | D:5      | Reached *** piety under Kikubaaqudgha
  4433 | D:5      | Identified Kikubaaqudgha's Collected Works on Darkness
                  | (Kikubaaqudgha gifted it to you on level 5 of the Dungeon)
  4433 | D:5      | Received a gift from Kikubaaqudgha
  4446 | D:5      | Reached skill level 3 in Fighting
  4446 | D:5      | Reached skill level 3 in Short Blades
  4446 | D:5      | Reached skill level 3 in Long Blades
  4446 | D:5      | Reached skill level 3 in Axes
  4446 | D:5      | Reached skill level 3 in Maces & Flails
  4446 | D:5      | Reached skill level 3 in Polearms
  4446 | D:5      | Reached skill level 3 in Staves
  4446 | D:5      | Reached skill level 3 in Slings
  4446 | D:5      | Reached skill level 3 in Bows
  4446 | D:5      | Reached skill level 3 in Crossbows
  4446 | D:5      | Reached skill level 3 in Throwing
  4446 | D:5      | Reached skill level 3 in Armour
  4446 | D:5      | Reached skill level 3 in Shields
  4446 | D:5      | Reached skill level 3 in Unarmed Combat
  4446 | D:5      | Reached skill level 3 in Evocations
  4451 | D:5      | Killed Duvessa
  4472 | D:5      | HP: 17/58 [worker ant (6)]
  4477 | D:5      | HP: 15/58 [poisoned by a worker ant]
  4485 | D:5      | HP: 15/58 [poisoned by a worker ant]
  4493 | D:5      | HP: 14/58 [poisoned by a worker ant]
  4896 | D:5      | Found a hazy altar of Hepliaklqana.
  4925 | D:5      | Reached skill level 8 in Spellcasting
  4927 | D:5      | Found a transporter.
  4928 | D:5      | Noticed Borgoz's ghost (novice KoGl)
  5107 | D:5      | Found a glowing silver altar of Zin.
  5158 | D:5      | Noticed Menkaure
  5188 | D:5      | You fall through a shaft for 2 floors!
  5211 | D:7      | Reached skill level 3 in Hexes
  5211 | D:7      | Reached skill level 3 in Charms
  5211 | D:7      | Reached skill level 3 in Necromancy
  5211 | D:7      | Reached skill level 3 in Transmutations
  5211 | D:7      | Reached skill level 3 in Fire Magic
  5211 | D:7      | Reached skill level 3 in Ice Magic
  5211 | D:7      | Reached skill level 3 in Air Magic
  5211 | D:7      | Reached skill level 3 in Earth Magic
  5211 | D:7      | Reached skill level 3 in Poison Magic
  5211 | D:7      | Reached skill level 4 in Invocations
  5217 | D:7      | Got a brightly glowing steel ring
  5225 | D:7      | Reached XP level 9. HP: 65/65 MP: 8/21
  5226 | D:7      | Reached skill level 6 in Dodging
  5278 | D:7      | Identified the ring of Waef {rF+ Dex+4} (You found it on
                  | level 7 of the Dungeon)
  5343 | D:7      | Noticed Prince Ribbit
  5359 | D:7      | Killed Prince Ribbit
  5400 | D:6      | Reached skill level 4 in Fighting
  5400 | D:6      | Reached skill level 4 in Short Blades
  5400 | D:6      | Reached skill level 4 in Long Blades
  5400 | D:6      | Reached skill level 4 in Axes
  5400 | D:6      | Reached skill level 4 in Maces & Flails
  5400 | D:6      | Reached skill level 4 in Polearms
  5400 | D:6      | Reached skill level 4 in Staves
  5400 | D:6      | Reached skill level 4 in Slings
  5400 | D:6      | Reached skill level 4 in Bows
  5400 | D:6      | Reached skill level 4 in Crossbows
  5400 | D:6      | Reached skill level 4 in Throwing
  5400 | D:6      | Reached skill level 4 in Armour
  5400 | D:6      | Reached skill level 4 in Shields
  5400 | D:6      | Reached skill level 4 in Unarmed Combat
  5400 | D:6      | Reached skill level 4 in Conjurations
  5400 | D:6      | Reached skill level 4 in Summonings
  5400 | D:6      | Reached skill level 4 in Translocations
  5400 | D:6      | Reached skill level 4 in Evocations
  5477 | D:6      | Found a staircase to the Ecumenical Temple.
  5515 | D:6      | Found a basalt altar of Yredelemnul.
  5722 | D:6      | Reached **** piety under Kikubaaqudgha
  5732 | D:6      | Reached skill level 6 in Stealth
  6282 | D:6      | Reached skill level 5 in Invocations
  6416 | D:6      | Found a deep blue altar of Sif Muna.
  6499 | D:5      | Noticed Edmund
  6516 | D:6      | Killed Edmund
  6581 | D:5      | Killed Menkaure
  6596 | D:5      | Found a transporter.
  6819 | D:3      | Killed Ratty's ghost
  6822 | D:3      | Reached XP level 10. HP: 73/73 MP: 13/22
  6922 | D:5      | Killed Borgoz's ghost
  6922 | D:5      | Reached skill level 4 in Hexes
  6922 | D:5      | Reached skill level 4 in Charms
  6922 | D:5      | Reached skill level 4 in Necromancy
  6922 | D:5      | Reached skill level 4 in Transmutations
  6922 | D:5      | Reached skill level 4 in Fire Magic
  6922 | D:5      | Reached skill level 4 in Ice Magic
  6922 | D:5      | Reached skill level 4 in Air Magic
  6922 | D:5      | Reached skill level 4 in Earth Magic
  6922 | D:5      | Reached skill level 4 in Poison Magic
  7021 | Temple   | Entered the Ecumenical Temple
  7215 | D:7      | Noticed a purple ugly thing
  7223 | D:7      | Reached skill level 5 in Fighting
  7223 | D:7      | Reached skill level 5 in Short Blades
  7223 | D:7      | Reached skill level 5 in Long Blades
  7223 | D:7      | Reached skill level 5 in Axes
  7223 | D:7      | Reached skill level 5 in Maces & Flails
  7223 | D:7      | Reached skill level 5 in Polearms
  7223 | D:7      | Reached skill level 5 in Staves
  7223 | D:7      | Reached skill level 5 in Slings
  7223 | D:7      | Reached skill level 5 in Bows
  7223 | D:7      | Reached skill level 5 in Crossbows
  7223 | D:7      | Reached skill level 5 in Throwing
  7223 | D:7      | Reached skill level 5 in Armour
  7223 | D:7      | Reached skill level 5 in Shields
  7223 | D:7      | Reached skill level 5 in Unarmed Combat
  7223 | D:7      | Reached skill level 5 in Evocations
  7743 | D:7      | Reached skill level 7 in Dodging
  7756 | D:7      | Killed a purple ugly thing
  7756 | D:7      | Reached skill level 9 in Spellcasting
  7851 | D:7      | Found a sparkling altar of Nemelex Xobeh.
  7895 | D:7      | Reached ***** piety under Kikubaaqudgha
  8185 | D:8      | Reached skill level 5 in Conjurations
  8185 | D:8      | Reached skill level 5 in Summonings
  8185 | D:8      | Reached skill level 5 in Translocations
  8270 | D:8      | Found a glowing golden altar of the Shining One.
  8279 | D:8      | Noticed Erica
  8341 | D:8      | Learned a level 4 spell: Animate Dead
  8380 | D:8      | Killed Erica
  8380 | D:8      | Reached skill level 7 in Stealth
  8380 | D:8      | Reached skill level 6 in Invocations
  8691 | D:8      | Found a white marble altar of Elyvilon.
  9016 | D:8      | Found a shimmering altar of Xom.
  9156 | D:9      | Reached XP level 11. HP: 66/81 MP: 24/24
  9429 | D:9      | Found a glowing golden altar of the Shining One.
  9659 | D:9      | Noticed Grum
  9679 | D:9      | Killed Grum
  9766 | D:9      | Reached skill level 6 in Fighting
  9766 | D:9      | Reached skill level 6 in Short Blades
  9766 | D:9      | Reached skill level 6 in Long Blades
  9766 | D:9      | Reached skill level 6 in Axes
  9766 | D:9      | Reached skill level 6 in Maces & Flails
  9766 | D:9      | Reached skill level 6 in Polearms
  9766 | D:9      | Reached skill level 6 in Staves
  9766 | D:9      | Reached skill level 6 in Slings
  9766 | D:9      | Reached skill level 6 in Bows
  9766 | D:9      | Reached skill level 6 in Crossbows
  9766 | D:9      | Reached skill level 6 in Throwing
  9766 | D:9      | Reached skill level 6 in Armour
  9766 | D:9      | Reached skill level 6 in Shields
  9766 | D:9      | Reached skill level 6 in Unarmed Combat
  9766 | D:9      | Reached skill level 6 in Evocations
  9876 | D:10     | Entered Level 10 of the Dungeon
  9938 | D:9      | Reached skill level 5 in Hexes
  9938 | D:9      | Reached skill level 5 in Charms
  9938 | D:9      | Reached skill level 5 in Necromancy
  9938 | D:9      | Reached skill level 5 in Transmutations
  9938 | D:9      | Reached skill level 5 in Fire Magic
  9938 | D:9      | Reached skill level 5 in Ice Magic
  9938 | D:9      | Reached skill level 5 in Air Magic
  9938 | D:9      | Reached skill level 5 in Earth Magic
  9938 | D:9      | Reached skill level 5 in Poison Magic
  9996 | D:10     | Noticed Urug
 10021 | D:10     | Hit by a javelin thrown by Urug

Levels and vault maps discovered:
D:1:      dpeg_arrival_rhombi, layout_basic
D:2:      layout_loops_ring, overflow_temple_1_default, first_ration,
          evilmike_ruin_ashenzari, uniq_crazy_yiuf_cottage, uniq_jessica
D:3:      layout_rooms, grunt_dithmenos_smoke_and_mirrors,
          nicolae_overflow_crystal_walls, portal_sewer_entry_e,
          gammafunk_ghost_split
D:4:      minmay_angry_zag, layout_loops_corners,
          gammafunk_temple_overflow_elements, nicolae_gozag_seed_capital,
          dancing_weapons_uskayaw, nicolae_overflow_hidden_temple,
          uniq_blork_the_orc
D:5:      layout_basic, zin_academy, kennysheep_mini_moat,
          gammafunk_ghost_arena, uniq_menkaure, uniq_duvessa, uniq_edmund
D:6:      layout_basic, lemuel_round_altar, lemuel_round_altar,
          minmay_temple_entry_trees
D:7:      layout_basic, nemelex_altar_shiori, kennysheep_dice,
          uniq_prince_ribbit1
D:8:      layout_loops_ring, lemuel_coloured_pillars_altar, kennysheep_mini,
          basic_altar, uniq_erica
D:9:      layout_small_grid, old_standard_altar, uniq_grum
D:10:     hangedman_cross_cluster, layout_basic, lair_entry_dummy, david_orc_4,
          the_bakery, minmay_misc_feat_nine_boxes, uniq_urug
Temple:   corrupted_temple

Skill      XL: |  1  2  3  4  5  6  7  8  9 10 11 |
---------------+----------------------------------+-----
Conjurations   | 2 3 4 5 |  5.5
Summonings     | 2 3 4 5 |  5.5
Translocations | 2 3 4 5 |  5.5
Invocations    | 1 2 3 4 5 6 |  6.6
Fighting       | 1 2 3 4 5 6 |  6.0
Short Blades   | 1 2 3 4 5 6 |  6.0
Long Blades    | 1 2 3 4 5 6 |  6.0
Axes           | 1 2 3 4 5 6 |  6.0
Maces & Flails | 1 2 3 4 5 6 |  6.0
Polearms       | 1 2 3 4 5 6 |  6.0
Staves         | 1 2 3 4 5 6 |  6.0
Slings         | 1 2 3 4 5 6 |  6.0
Bows           | 1 2 3 4 5 6 |  6.0
Crossbows      | 1 2 3 4 5 6 |  6.0
Throwing       | 1 2 3 4 5 6 |  6.0
Armour         | 1 2 3 4 5 6 |  6.0
Shields        | 1 2 3 4 5 6 |  6.0
Unarmed Combat | 1 2 3 4 5 6 |  6.0
Evocations     | 1 2 3 4 5 6 |  6.0
Hexes          | 1 2 3 4 5 |  5.0
Charms         | 1 2 3 4 5 |  5.0
Necromancy     | 1 2 3 4 5 |  5.0
Transmutations | 1 2 3 4 5 |  5.0
Fire Magic     | 1 2 3 4 5 |  5.0
Ice Magic      | 1 2 3 4 5 |  5.0
Air Magic      | 1 2 3 4 5 |  5.0
Earth Magic    | 1 2 3 4 5 |  5.0
Poison Magic   | 1 2 3 4 5 |  5.0
Dodging        | 5 6 7 |  7.6
Stealth        | 5 6 7 |  7.4
Spellcasting   | 8 9 |  9.4

Action                   |  1- 3 |  4- 6 |  7- 9 | 10-12 || total
-------------------------+-------+-------+-------+-------++-------
Melee: Unarmed           |     7 |       |       |       ||     7
       Dagger            |    17 |     1 |       |       ||    18
       Short sword       |     8 |   234 |   313 |   307 ||   862
       Bite              |     3 |    19 |    44 |    43 ||   109
       Punch             |       |     3 |     4 |       ||     7
       Flail             |       |       |    11 |    29 ||    40
       Scimitar          |       |       |       |     8 ||     8
Throw: Tomahawk          |       |       |       |    14 ||    14
 Cast: Magic Dart        |    58 |    41 |    85 |    51 ||   235
       Mephitic Cloud    |     1 |     4 |    15 |    18 ||    38
       Blink             |     1 |     1 |     5 |    15 ||    22
       Conjure Flame     |       |     1 |     6 |    21 ||    28
       Animate Dead      |       |       |       |     1 ||     1
Invok: Receive Corpses   |       |       |       |     2 ||     2
 Abil: Evoke Invisibilit |       |       |     1 |       ||     1
  Use: Scroll            |     5 |     9 |     3 |     2 ||    19
 Stab: Sleeping          |     2 |     4 |     6 |     5 ||    17
       Confused          |       |     3 |     8 |    11 ||    22
       Invisible         |       |       |     1 |       ||     1
       Distracted        |       |       |       |     1 ||     1
  Eat: Chunk             |     1 |     6 |    13 |    11 ||    31
Armor: Robe              |     6 |    62 |    45 |    25 ||   138
       Leather armour    |       |       |     7 |    36 ||    43
Dodge: Dodged            |    37 |   196 |   215 |   227 ||   675
Block: Buckler           |       |       |    27 |   103 ||   130
       Rpst.: Scimitar   |       |       |       |     2 ||     2

Table legend:
 A = Non-vault XP
 B = Vault XP
 C = Vault XP percentage of total XP
 D = Non-vault monster count
 E = Vault monster count
 F = Vault count percentage of total count
                 A         B        C        D         E       F
            +---------+---------+-------+---------+---------+-------
      Total |    8513 |    3322 |  28.1 |     264 |      42 |  13.7
            +---------+---------+-------+---------+---------+-------
        D:1 |      62 |       0 |   0.0 |      31 |       0 |   0.0
        D:2 |      74 |      77 |  51.0 |      25 |       2 |   7.4
        D:3 |     187 |     178 |  48.8 |      53 |      14 |  20.9
        D:4 |     319 |     146 |  31.4 |      17 |       5 |  22.7
        D:5 |     999 |     946 |  48.6 |      20 |       6 |  23.1
        D:6 |    1285 |     171 |  11.7 |      35 |       1 |   2.8
        D:7 |    2284 |     291 |  11.3 |      35 |       2 |   5.4
        D:8 |    1060 |     734 |  40.9 |      23 |       1 |   4.2
        D:9 |    1861 |     640 |  25.6 |      17 |       5 |  22.7
       D:10 |     382 |       0 |   0.0 |       8 |       0 |   0.0
      Sewer |       0 |     139 | 100.0 |       0 |       6 | 100.0
            +---------+---------+-------+---------+---------+-------

Table legend:
 A = Turns spent in this place as a percentage of turns spent in the entire game.
 B = Non-inter-level travel turns spent in this place as a percentage of non-inter-level travel turns spent in the entire game.
 C = Inter-level travel turns spent in this place as a percentage of turns spent in this place.
 D = Turns resting spent in this place as a percentage of non-inter-level travel turns spent in this place.
 E = Turns spent auto-exploring this place as a percentage of non-inter-level travel turns spent in this place.
 F = Non-inter-level travel turns spent in this place divided by the number of levels of this place that you've seen.
                   A       B       C       D       E      F
               +-------+-------+-------+-------+-------+----------------------
         Total | 100.0 | 100.0 |   5.4 |  19.2 |  34.8 | 790.2
       Dungeon |  97.3 |  97.3 |   5.4 |  18.8 |  35.5 | 922.6
        Temple |   0.5 |   0.3 |  33.3 |   0.0 |  78.1 |  32.0
         Sewer |   2.2 |   2.4 |   0.0 |  40.4 |   0.0 | 225.0
               +-------+-------+-------+-------+-------+----------------------

Levels and vault maps discovered:
D:1:      dpeg_arrival_rhombi, layout_basic
D:2:      layout_loops_ring, overflow_temple_1_default, first_ration,
          evilmike_ruin_ashenzari, uniq_crazy_yiuf_cottage, uniq_jessica
D:3:      layout_rooms, grunt_dithmenos_smoke_and_mirrors,
          nicolae_overflow_crystal_walls, portal_sewer_entry_e,
          gammafunk_ghost_split
D:4:      minmay_angry_zag, layout_loops_corners,
          gammafunk_temple_overflow_elements, nicolae_gozag_seed_capital,
          dancing_weapons_uskayaw, nicolae_overflow_hidden_temple,
          uniq_blork_the_orc
D:5:      layout_basic, zin_academy, kennysheep_mini_moat,
          gammafunk_ghost_arena, uniq_menkaure, uniq_duvessa, uniq_edmund
D:6:      layout_basic, lemuel_round_altar, lemuel_round_altar,
          minmay_temple_entry_trees
D:7:      layout_basic, nemelex_altar_shiori, kennysheep_dice,
          uniq_prince_ribbit1
D:8:      layout_loops_ring, lemuel_coloured_pillars_altar, kennysheep_mini,
          basic_altar, uniq_erica
D:9:      layout_small_grid, old_standard_altar, uniq_grum
D:10:     hangedman_cross_cluster, layout_basic, lair_entry_dummy, david_orc_4,
          the_bakery, minmay_misc_feat_nine_boxes, uniq_urug
Temple:   corrupted_temple
